AoeStats
← diekaiserwurst

Four Lakes

510184283Analyzed
1v1 RM · 2d ago on Sep 29, 2026· 42m 12s· 2 players
Game mode
Random Map
Map size
Tiny (2 player)
Population
200
Speed
Normal
Resources
Standard
Victory
Conquest
Starting age
Dark Age
Ending age
Imperial Age
RankedLock teamsTeams togetherTeam positionsShared explorationLock speedFull tech treeHidden civsTurbo modeCheats
Victory
Defeat
🇨🇦 Bulgarians · Canada
1187
+16
🇦🇹 Sicilians · Austria
1188
-16
sh.pon
9:10 Loom
11:42 Feudal Age
16:18 Fletching
18:30 Castle Age
20:28 Wheelbarrow
19:59 Bodkin Arrow
20:35 Scale Mail Armor
22:59 Forging
23:06 Murder Holes
23:34 Double-Bit Axe
24:29 Ballistics
25:08 Town Watch
26:00 Masonry
26:03 Stone Mining
33:21 Scale Barding Armor
37:38 Bow Saw
diekaiserwurst
9:14 Loom
11:29 Feudal Age
17:07 Castle Age
20:28 Double-Bit Axe
22:42 Wheelbarrow
22:21 Bow Saw
23:17 Horse Collar
28:07 Fishing Lines
32:41 Hand Cart
33:30 Gold Mining
33:24 Crossbowman
38:51 Fletching
40:10 Scale Mail Armor
40:20 Forging
40:16 Scale Barding Armor
42:23 Bloodlines
Connection lost

Rejoining the realm…

Still unreachable

The connection could not be restored.

Session expired

The server has moved on; the page needs a fresh start.